Map: 贝克特工业-天梯版

Players

TIME (Oliveira) - Winner!

  • Race: Terran Terran
  • League: Grandmaster

CoffeeMs (Coffee)

  • Race: Terran Terran

Event: DreamHack SC2 Masters 2021 Summer

VOD

Have the link to the VOD?

Description

Time

  • Played on: May 29, 2021, 9:35 a.m.
  • Length: 12:53

All games in this series

Show
View Real Time Build Order
Export as new Build Order

TIME Terran - Winner!

Build Orders: Cyclone Opening 

Get SALT Encoding   

  12  0:00  SCV  
  13  0:12  SCV  
  14  0:17  Supply Depot  
  14  0:24  SCV  
  15  0:39  SCV  
  15  0:40  Barracks  
  16  0:43  Refinery  
  16  0:51  SCV  
  16  0:55  Refinery  
  17  1:03  SCV  
  18  1:15  SCV  
  19  1:27  Reaper, Orbital Command  
  19  1:30  Supply Depot  
  20  1:44  Factory  
  20  1:53  SCV  
  21  1:59  Reaper  
  22  2:05  SCV  
  23  2:17  SCV  
  24  2:24  Command Center  
  24  2:28  Factory Tech Lab  
  24  2:29  SCV  
  25  2:33  Barracks Reactor  
  25  2:41  SCV  
  26  2:46  Supply Depot  
  26  2:48  Cyclone  
  29  2:53  SCV  
  30  3:00  Starport  
  30  3:05  SCV  
  30  3:14  Marine x2  
  30  3:17  SCV  
  32  3:25  Refinery  
  32  3:27  Factory Tech Lab  
  32  3:30  SCV  
  32  3:32  Marine x2  
  35  3:36  Orbital Command  
  35  3:48  Raven  
  35  3:50  Marine x2  
  36  3:57  SCV, Siege Tank  
  36  4:01  SCV  
  41  4:07  Marine  
  41  4:08  Marine  
  44  4:10  SCV  
  44  4:13  SCV  
  41  4:25  Marine x2, Supply Depot  
  38  4:33  SCV, Siege Tank  
  38  4:37  SCV  
  39  4:43  Marine  
  39  4:45  SCV, Raven  
  42  4:48  Refinery, Marine  
  42  4:49  SCV  
  45  4:58  SCV  
  46  5:01  SCV, Marine  
  46  5:05  Marine, Siege Tank  
  52  5:12  SCV  
  52  5:13  SCV  
  53  5:19  Marine  
  54  5:23  Supply Depot  
  54  5:24  SCV  
  54  5:26  SCV  
  57  5:36  SCV  
  57  5:37  Siege Tank  
  57  5:38  SCV  
  61  5:45  Viking x2, Supply Depot  
  61  5:47  Supply Depot  
  61  5:48  SCV  
  66  5:50  SCV  
  66  5:52  Stimpack  
  66  5:53  Marine  
  68  6:01  SCV  
  68  6:02  SCV  
  70  6:07  Supply Depot  
  70  6:13  SCV, Siege Tank  
  70  6:14  SCV  
  74  6:27  Viking x2  
  74  6:29  SCV  
  74  6:31  SCV  
  79  6:36  Marine  
  80  6:41  SCV  
  80  6:42  Supply Depot  
  80  6:43  SCV  
  82  6:47  Siege Tank  
  82  6:51  Supply Depot  
  85  6:54  Marine  
  85  6:57  Viking x2  
  90  7:08  Command Center  
  90  7:15  SCV  
  87  7:21  Siege Tank  
  80  7:31  Viking x2  
  80  7:33  SCV  
  80  7:41  SCV  
  78  7:46  Barracks  
  78  7:48  Barracks  
  75  7:53  SCV  
  75  7:54  SCV, Engineering Bay  
  75  7:55  Engineering Bay  
  75  7:56  Marine  
  78  8:01  Siege Tank  
  78  8:05  SCV, Viking  
  80  8:06  SCV, Viking  
  85  8:13  Barracks  
  85  8:14  Barracks  
  85  8:17  Marine  
  86  8:21  Orbital Command  
  86  8:25  SCV x2  
  88  8:27  Combat Shield  
  88  8:31  Terran Infantry Weapons Level 1  
  88  8:33  Terran Infantry Armor Level 1  
  88  8:37  Barracks Reactor x2  
  88  8:39  SCV x2  
  90  8:43  Siege Tank  
  90  8:47  SCV  
  90  8:48  Liberator  
  97  8:51  SCV, Viking  
  97  8:52  Marine  
  97  8:54  SCV  
  102  8:59  SCV  
  100  9:08  Barracks Reactor  
  100  9:09  Barracks Reactor, SCV x2  
  101  9:10  Marine  
  101  9:14  Marine x2  
  101  9:15  SCV  
  103  9:22  Siege Tank  
  103  9:23  Marine x2, Viking  
  105  9:26  SCV  
  105  9:28  Marine  
  107  9:32  Marine x2  
  107  9:33  SCV, Viking  
  107  9:34  SCV  
  111  9:41  Marine  
  110  9:47  Marine x2  
  110  9:48  Marine  
  110  9:49  Marine x2  
  110  9:51  SCV  
  110  9:52  Marine  
  110  9:53  SCV  
  110  9:56  Marine x2  
  110  9:59  Refinery x2  
  111  10:00  Siege Tank, Supply Depot  
  111  10:01  Armory, Viking, Supply Depot  
  111  10:04  Marine  
  111  10:06  Marine x2  
  119  10:09  Command Center  
  119  10:10  Marine x2  
  119  10:12  Medivac  
  119  10:13  Sensor Tower  
  119  10:14  Marine  
  124  10:22  Marine x2  
  124  10:24  Supply Depot  
  124  10:27  Marine x2, Supply Depot  
  124  10:28  Marine  
  129  10:30  Medivac  
  131  10:37  Marine x3  
  131  10:38  Siege Tank  
  137  10:43  Factory  
  137  10:51  Marine x3  
  137  10:53  Barracks Reactor  
  140  11:00  Marine x2  
  140  11:03  Marine  
  143  11:09  Refinery  
  143  11:10  Refinery, Marine  
  144  11:12  Sensor Tower  
  144  11:13  Marine  
  144  11:15  Marine x2  
  147  11:20  Siege Tank  
  147  11:21  Marine  
  147  11:25  Planetary Fortress  
  151  11:29  Marine  
  151  11:30  Marine x2  
  157  11:32  Siege Tank  
  157  11:35  Marine x2  
  159  11:40  Marine  
  159  11:44  Marine  
  159  11:45  Barracks, Marine x3, Supply Depot  
  159  11:46  Supply Depot  
  164  11:47  Medivac  
  164  11:49  Medivac  
  168  11:56  Marine x2, Missile Turret  
  168  11:57  Missile Turret  
  170  12:02  Siege Tank  
  170  12:07  Marine x2  
  174  12:13  Marine x2  
  180  12:17  Marine  
  180  12:18  Marine  
  180  12:19  Medivac  
  179  12:27  Marine x2  
  178  12:35  Factory Tech Lab  
Show
View Real Time Build Order
Export as new Build Order

CoffeeMs Terran 

Build Orders:  

Get SALT Encoding   

  12  0:00  SCV  
  13  0:12  SCV  
  14  0:17  Supply Depot  
  14  0:24  SCV  
  15  0:38  SCV  
  15  0:40  Barracks  
  16  0:43  Refinery  
  16  0:51  SCV  
  16  0:53  Refinery  
  17  1:03  SCV  
  18  1:15  SCV  
  19  1:27  Reaper, Orbital Command  
  19  1:29  Supply Depot  
  20  1:44  Factory  
  20  1:53  SCV  
  21  1:59  Barracks Reactor  
  21  2:05  SCV  
  22  2:17  SCV  
  23  2:23  Command Center  
  23  2:29  Hellion  
  25  2:32  SCV  
  26  2:38  Reaper x2  
  28  2:45  Supply Depot  
  28  2:51  Hellion  
  30  2:57  Starport  
  30  2:59  SCV  
  31  3:12  Reaper x2  
  32  3:14  SCV  
  32  3:17  Hellion  
  34  3:26  SCV  
  35  3:36  Refinery, Orbital Command  
  35  3:38  SCV  
  31  3:52  SCV  
  31  3:53  Marine x2  
  31  3:54  Factory Tech Lab, Starport Tech Lab  
  33  4:04  SCV  
  33  4:06  SCV  
  35  4:11  Marine x2  
  35  4:12  Raven  
  35  4:16  SCV, Siege Tank  
  43  4:29  SCV, Marine x2  
  45  4:40  SCV  
  45  4:41  SCV  
  45  4:43  Supply Depot  
  47  4:46  Marine  
  47  4:47  Marine  
  47  4:52  Siege Tank  
  52  4:53  Supply Depot  
  52  4:55  SCV x2  
  54  5:03  Supply Depot  
  54  5:04  Raven, Marine x2  
  59  5:07  SCV x2  
  60  5:19  SCV x2  
  62  5:24  Siege Tank  
  65  5:31  SCV x2  
  67  5:37  Command Center  
  67  5:38  Supply Depot  
  67  5:43  SCV x2  
  69  5:53  Supply Depot  
  69  5:54  Stimpack  
  69  5:57  Siege Tank  
  72  5:58  SCV x2  
  72  6:01  Viking x2  
  77  6:18  SCV x2  
  79  6:26  Marine  
  79  6:29  Siege Tank  
  79  6:30  SCV x2  
  79  6:35  Viking  
  79  6:36  Viking  
  79  6:38  Barracks  
  79  6:39  Barracks  
  83  6:42  SCV  
  83  6:44  Refinery, Marine  
  85  6:50  Orbital Command  
  85  6:54  Engineering Bay  
  85  6:56  Engineering Bay  
  85  6:59  SCV  
  85  7:00  SCV  
  87  7:02  Marine  
  87  7:04  Siege Tank  
  90  7:12  SCV x2  
  90  7:14  Viking x2  
  87  7:20  SCV  
  83  7:24  SCV  
  83  7:26  Marine x2  
  74  7:30  Marine  
  71  7:40  SCV  
  71  7:41  SCV  
  71  7:42  Siege Tank  
  71  7:44  Marine x2  
  70  7:48  Marine  
  70  7:51  Viking x2  
  75  7:53  SCV x2, Terran Infantry Weapons Level 1  
  79  8:01  Marine  
  79  8:02  Marine  
  79  8:03  Orbital Command  
  81  8:06  Combat Shield  
  81  8:07  Barracks  
  81  8:08  SCV, Barracks  
  81  8:09  SCV  
  83  8:16  Siege Tank  
  86  8:20  SCV  
  86  8:23  Barracks Reactor x2  
  86  8:26  SCV  
  88  8:30  SCV  
  88  8:32  SCV  
  88  8:33  Marine  
  91  8:37  Viking  
  91  8:38  SCV, Viking  
  95  8:42  SCV  
  95  8:43  Refinery  
  95  8:44  SCV  
  97  8:52  Marine  
  93  9:06  Marine x2  
  93  9:08  Marine x3, Siege Tank  
  98  9:10  Marine, Viking x2  
  98  9:12  SCV x2  
  98  9:14  Armory  
  98  9:15  Supply Depot x2  
  103  9:20  Marine  
  103  9:24  SCV x2, Marine x2  
  96  9:25  Marine  
  96  9:26  Marine x2  
  96  9:27  SCV  
  96  9:28  Marine  
  102  9:36  SCV  
  102  9:38  Marine  
  102  9:42  Marine x2  
  102  9:43  Marine x2  
  102  9:44  Marine  
  95  9:46  Marine  
  95  9:52  SCV  
  86  9:54  Siege Tank  
  86  9:55  Marine  
  86  9:57  SCV x2  
  86  9:59  Viking  
  88  10:00  Marine x2, Viking  
  88  10:01  Marine x2  
  88  10:02  Terran Infantry Weapons Level 2, Marine  
  88  10:04  SCV, Marine  
  97  10:07  Terran Infantry Armor Level 1  
  98  10:14  Refinery x2  
  98  10:17  Marine  
  98  10:18  Marine  
  98  10:19  Marine x2  
  98  10:20  SCV  
  98  10:21  SCV  
  103  10:22  Marine x2  
  103  10:24  SCV  
  103  10:27  Siege Tank  
  109  10:29  Barracks Reactor  
  108  10:35  Marine x2  
  108  10:37  Medivac x2  
  114  10:47  Barracks Reactor  
  113  10:50  Marine x2  
  113  10:53  Marine  
  113  10:55  Command Center  
  117  10:59  Marine  
  118  11:04  Siege Tank  
  118  11:07  Marine  
  118  11:08  Factory  
  121  11:13  Barracks Reactor  
  121  11:18  Marine x4  
  121  11:23  Supply Depot x2  
  121  11:25  Marine x4  
  128  11:31  Medivac x2  
  133  11:36  Marine  
  133  11:40  Supply Depot  
  133  11:41  Supply Depot  
  133  11:44  Marine x4  
  133  11:45  Siege Tank  
  140  11:48  Sensor Tower  
  140  11:53  Siege Tank  
  142  11:58  Marine  
  142  11:59  Marine x3  
  146  12:02  Marine  
  146  12:03  Marine x2  
  146  12:04  Marine x3  
  152  12:14  SCV x3  
  155  12:16  Marine  
  156  12:24  Marine x5  
Tags
 
Add a new tag
Caveats
  • Supply blocks, unpowered buildings, or Contaminate may cause inaccurate times.
  • Supply counts are checked every 10 seconds.